 Dungeon Crawl Stone Soup version 0.30.1-9-gdf580d7c3d (webtiles) character file.

Game seed: 6228970990150871679

3258 H0rd4k the Martial Artist (level 10, -6/63 HPs)
             Began as an Octopode Artificer on Sept 27, 2023.
             Was an Initiate of Gozag.
             Mangled by a komodo dragon (16 damage)
             ... on level 1 of the Lair of Beasts on Sept 28, 2023.
             The game lasted 00:12:22 (8138 turns).

H0rd4k the Martial Artist (Octopode Artificer)      Turns: 8138, Time: 00:12:22

Health: -6/63      AC:  1    Str: 11    XL:     10   Next: 0%
Magic:  0/11       EV: 15    Int: 18    God:    Gozag
Gold:   98         SH:  0    Dex: 13    Spells: 3/11 levels left

rFire   . .          .
                       - Unarmed
rCold   + . .        (no shield)
rNeg    . . .        (helmet restricted)
rPois   .            y - amulet of guardian spirit
rElec   .            x - ring of protection from cold
rCorr   .            q - ring of flight
SInv    +            k - ring of see invisible
Will    .....        (no ring)
Stlth   +++          (no ring)
HPRegen 0.30/turn    (no ring)
MPRegen 0.12/turn    (no ring)
                     (no ring)

%: guardian spirit
@: flying
A: almost no armour, amphibious, 8 rings, camouflage 1, gelatinous body 1,
(nimble swimmer 1), tentacles
a: Renounce Religion, Potion Petition, Call Merchant, Bribe Branch


You were on level 1 of the Lair of Beasts.
You worshipped Gozag.
Gozag was noncommittal.
You visited 3 branches of the dungeon, and saw 11 of its levels.

You collected 655 gold pieces.
You spent 468 gold pieces at shops.
You paid 89 gold pieces to Gozag.

Inventory:

Missiles
 d - a throwing net
 h - 29 poisoned darts (quivered)
Magical Staves
 v - a staff of cold
 w - a staff of death
 z - a staff of poison
Jewellery
 a - a ring of fire
 i - an amulet of the acrobat
 k - a ring of see invisible (on tentacle)
 q - a ring of flight (right tentacle)
 x - a ring of protection from cold (left tentacle)
 y - an amulet of guardian spirit (around mantle)
Wands
 b - a wand of flame (9)
Scrolls
 f - 4 scrolls of noise
 g - a scroll of enchant armour {unknown}
 j - a scroll of torment
 l - 4 scrolls of identify
 n - a scroll of amnesia {unknown}
 o - 2 scrolls of teleportation
 s - 4 scrolls of vulnerability {unknown}
Potions
 e - 4 potions of curing
 m - a potion of lignification
 p - a potion of mutation {unknown}
 r - 2 potions of haste {unknown}
 t - 2 potions of resistance {unknown}
 u - a potion of heal wounds {unknown}
 A - a potion of magic {unknown}


   Skills:
 + Level 3.7 Fighting
 - Level 6.5 Dodging
 - Level 1.3 Stealth
 - Level 10.4 Unarmed Combat
 * Level 1.2 Spellcasting
 * Level 1.0 Hexes
 - Level 6.2 Evocations


You had 3 spell levels left.
You knew the following spells:

 Your Spells              Type           Power      Damage    Failure   Level
a - Slow                  Hex            16%        N/A       13%         1
b - Confusing Touch       Hex            4%         N/A       36%         3
c - Cause Fear            Hex            2%         N/A       78%         4

Your spell library contained the following spells:

 Spells                   Type           Power      Damage    Failure   Level
 Lesser Beckoning         Tloc           2%         N/A       30%         2
 Gell's Gravitas          Tloc           1%         N/A       52%         3
 Ozocubu's Armour         Ice            1%         N/A       52%         3
 Teleport Other           Tloc           1%         N/A       52%         3
 Vampiric Draining        Necr           1%         2d6       52%         3
 Anguish                  Hex/Necr       1%         N/A       85%         4
 Metabolic Englaciation   Hex/Ice        1%         N/A       99%         5
 Enfeeble                 Hex            2%         N/A       100%        7
 Simulacrum               Ice/Necr       Unusable   N/A       N/A         6

Dungeon Overview and Level Annotations

Branches:
Dungeon (9/15)             Temple (1/1) D:7            Lair (1/5) D:8
    Orc: D:9-12

Altars:
Cheibriados
Elyvilon
Fedhas
Gozag
Hepliaklqana
Makhleb
Nemelex Xobeh
Okawaru
Qazlal
Uskayaw
Wu Jian
Xom
Yredelemnul

Shops:
D:5 *   D:6 ?   D:9 :

Annotations:
D:9 Maurice
Lair:1 exclusion: 2 cane toads


Innate Abilities, Weirdness & Mutations

You cannot wear most types of armour.
You are amphibious.
You can wear up to eight rings at the same time.
Your skin changes colour to match your surroundings (Stealth+).
Your rubbery body absorbs attacks. (AC +1, EV +1)
((You are camouflaged when in or above water. (Stealth+)))
You have tentacles for arms and can constrict up to eight enemies at once.


Message History

The komodo dragon is heavily wounded.
The komodo dragon closely misses you.
You tentacle-slap the komodo dragon but do no damage.
The komodo dragon is heavily wounded.
The komodo dragon bites you.
You tentacle-slap the komodo dragon but do no damage.
The komodo dragon is heavily wounded.
The komodo dragon barely misses you.
You tentacle-slap the komodo dragon but do no damage.
You squeeze the komodo dragon.
The komodo dragon is heavily wounded.
The komodo dragon bites you!!
* * * LOW HITPOINT WARNING * * *
You barely miss the komodo dragon.
You squeeze the komodo dragon, but do no damage.
The komodo dragon is heavily wounded.
Okay, then.
As you read the scroll labelled KOTAPS ICUINK, it crumbles to dust.
You hear a loud clanging noise!
It was a scroll of noise.
You hear a loud, deep croak!
You hear a croak.
You hear a bleat! x6
You hear an angry hiss.
The komodo dragon barely misses you.
The air fills with toxic fumes!
As you read the scroll labelled CINGUM XAYMN, it crumbles to dust.
It was a scroll of poison.
The komodo dragon misses you.
As you read the scroll labelled LIUPLEIJAE, it crumbles to dust.
Your body is wracked with pain!
* * * LOW HITPOINT WARNING * * *
The komodo dragon convulses!
It was a scroll of torment.
A bullfrog comes into view.
The komodo dragon barely misses you.
The bullfrog is engulfed in poison gas.
The bullfrog is poisoned.
As you read the scroll labelled ZOEMPO VIDDOMU, it crumbles to dust.
It is a scroll of identify.
o - 2 scrolls of teleportation The bullfrog is engulfed in poison gas.
The bullfrog looks even sicker.
The komodo dragon bites you!!
You die...
Your body crumbles into a pile of gold.

. ..§§§§#§§§§§§#§§.
.#. §.§§§#§§§§§§P§§.
...§§.§§§§§§§§§§§§.
.##.##§#§§§§§§§§§§§.
#....§§§§§§§§§§§§§§§.
#....§§§§§§§§§§§§§§§.
#....§§§§§§§l§§§§F§§.
#....§§§§§§§@§#
#..#.###§#§§§§#
##..#####.###§§##
#P..##.....##§§§#
#...#.....##§§##
#..#......##§§#
#..#P.....##§§#
##..##.....##§§§
#...##.....##...


You could see a komodo dragon and a bullfrog (very poisoned).

Vanquished Creatures
  Harold (D:9)
  Joseph (D:9)
  A hornet (D:9)
  Grinder (D:4)
  A water moccasin (D:6)
  An orc warrior (D:9)
  2 centaurs
  A phantom (D:6)
  A kobold brigand (D:9)
  A gnoll sergeant (D:9)
  2 scorpions
  3 bullfrogs
  5 killer bees
  2 howler monkeys
  An orc priest (D:9)
  3 hounds
  A sleepcap (D:5)
  3 orc wizards
  8 gnolls
  5 adders
  3 worms
  A dart slug (D:4)
  8 orcs
  11 bats
  3 endoplasms
  4 giant cockroaches
  8 goblins
  3 hobgoblins
  5 jackals
  4 quokkas
  10 ball pythons
  A frilled lizard (D:3)
  11 kobolds
  4 rats
120 creatures vanquished.

Vanquished Creatures (collateral kills)
  A bullfrog (D:9)
  2 killer bees (D:9)
  An orc priest (D:9)
  An orc wizard (D:9)
  2 orcs (D:8)
7 creatures vanquished.

Vanquished Creatures (others)
  A troll (D:9)
  A hornet (D:9)
  An orc warrior (D:9)
  2 killer bees
  An orc wizard (D:9)
6 creatures vanquished.

Grand Total: 133 creatures vanquished

Notes
Turn   | Place    | Note
-------+----------+-------------------------------------------
     0 | D:1      | H0rd4k the Octopode Artificer began the quest for the Orb.
     0 | D:1      | Reached XP level 1. HP: 13/13 MP: 1/1
   206 | D:1      | Reached XP level 2. HP: 14/18 MP: 2/2
   597 | D:1      | Reached XP level 3. HP: 23/23 MP: 3/3
  1310 | D:2      | Reached skill level 1 in Unarmed Combat
  1354 | D:2      | Found a faded altar of an unknown god.
  1490 | D:2      | Found the +10 dark maul {heavy}
  1775 | D:2      | Found a stormy altar of Qazlal.
  1887 | D:3      | Reached XP level 4. HP: 22/28 MP: 4/4
  2603 | D:4      | Reached skill level 2 in Unarmed Combat
  2653 | D:4      | Reached XP level 5. HP: 28/33 MP: 5/5
  2826 | D:4      | Noticed Grinder
  2846 | D:4      | Killed Grinder
  2847 | D:4      | Reached skill level 4 in Unarmed Combat
  2847 | D:4      | Reached XP level 6. HP: 38/38 MP: 6/6
  3496 | D:5      | Entered Level 5 of the Dungeon
  3663 | D:5      | Reached skill level 5 in Unarmed Combat
  3663 | D:5      | Reached XP level 7. HP: 17/43 MP: 7/7
  3902 | D:5      | Found Resoup's Assorted Antiques.
  4290 | D:6      | Found Deenarghe's Magic Scroll Boutique.
  4498 | D:6      | Reached skill level 6 in Unarmed Combat
  4609 | D:6      | Reached XP level 8. HP: 30/50 MP: 8/8
  5023 | D:7      | Found a staircase to the Ecumenical Temple.
  5035 | Temple   | Entered the Ecumenical Temple
  5051 | Temple   | Became a worshipper of Gozag Ym Sagoz the Greedy
  5129 | D:7      | You fall into a shaft and drop 1 floor!
  5249 | D:8      | Reached skill level 5 in Dodging
  5249 | D:8      | Reached skill level 7 in Unarmed Combat
  5743 | D:8      | Found a staircase to the Lair.
  5767 | Lair:1   | Entered Level 1 of the Lair of Beasts
  6498 | D:9      | Noticed a troll
  6503 | D:9      | Reached skill level 5 in Evocations
  6540 | D:9      | Reached skill level 8 in Unarmed Combat
  6541 | D:9      | Noticed a tengu conjurer
  6685 | D:9      | Noticed a hornet
  6688 | D:9      | Killed a hornet
  6689 | D:9      | Reached XP level 9. HP: 55/55 MP: 9/9
  6740 | D:9      | Noticed Joseph
  6798 | D:9      | Killed Joseph
  6799 | D:9      | Reached skill level 9 in Unarmed Combat
  6956 | D:9      | Noticed a hornet
  6981 | D:9      | Noticed Harold
  6985 | D:9      | Killed Harold
  6997 | D:9      | Reached skill level 10 in Unarmed Combat
  7087 | D:9      | Found Kafrum's Book Boutique.
  7128 | D:9      | Noticed Maurice
  7272 | D:9      | Found a stormy altar of Qazlal.
  7272 | D:9      | Found a hazy altar of Hepliaklqana.
  7335 | D:9      | Identified the +0 robe of the Thirsty Lies {rElec rPois
                  | rN+}
  7867 | D:9      | Bought a book of Hexes for 468 gold pieces
  7869 | D:9      | Learned a level 1 spell: Slow
  7873 | D:9      | Learned a level 3 spell: Confusing Touch
  7878 | D:9      | Learned a level 4 spell: Cause Fear
  7991 | Lair:1   | Noticed a cane toad
  8012 | Lair:1   | Reached skill level 1 in Spellcasting
  8012 | Lair:1   | Reached skill level 1 in Hexes
  8012 | Lair:1   | Reached XP level 10. HP: 63/63 MP: 11/11
  8075 | Lair:1   | Noticed a cane toad
  8138 | Lair:1   | Mangled by a komodo dragon

Illustrated notes

Levels and vault maps discovered:
D:1:      elethiomel_arrival_maze, layout_loops_corners
D:2:      layout_basic, hellmonk_ecumenical_altar_pennies_from_heaven,
          basic_altar
D:3:      layout_loops_ring, serial_bayou, serial_bayou_pond_b,
          serial_bayou_pond_d, serial_bayou_pond_c, serial_bayou_crossing,
          nrook_mini_backslash, minmay_misc_feat_hallway, st_stairs_8
D:4:      layout_basic, minmay_puff, uniq_grinder
D:5:      layout_rooms, nicolae_overflow_hidden_temple, serial_shops,
          nicolae_shop_rolling_square, minmay_misc_feat_chi
D:6:      layout_loops_ring, serial_shops, nicolae_shop_stone,
          kennysheep_small_spiral
D:7:      minmay_slanted_spiral_squares, layout_basic, temple_statues,
          gammafunk_ghost_grave, dreamdust_gnoll_farm
D:8:      layout_loops_corners, lair_entry_dummy
D:9:      layout_roguey, gammafunk_temple_overflow_elements, serial_shops, shop,
          wad_dig_loot, uniq_joseph, uniq_maurice, uniq_harold
Temple:   hellmonk_temple_of_storms
Lair:1:   layout_regular_city, minivault_23, lemuel_fruit_fields

Skill      XL: |  1  2  3  4  5  6  7  8  9 |
---------------+----------------------------+-----
Evocations     | 4 5 6 |  6.2
Dodging        | 3 4 5 6 |  6.5
Unarmed Combat | 1 2 4 5 6 8 10 | 10.4
Fighting       | 2 3 |  3.7
Spellcasting   | 1 |  1.2
Hexes          | 1 |  1.0
Stealth        | |  1.3

Action                     |  1- 3 |  4- 6 |  7- 9 | 10-12 || total
---------------------------+-------+-------+-------+-------++-------
  Melee: Unarmed           |   105 |   106 |   123 |    10 ||   344
         Constrict         |    33 |    24 |    26 |       ||    83
         Tentacles         |    24 |    28 |    31 |     6 ||    89
         Punch             |     1 |     4 |    12 |     1 ||    18
  Throw: Dart              |       |       |       |     5 ||     5
  Evoke: Wand              |       |     7 |    23 |     1 ||    31
    Use: Potion            |       |       |     5 |       ||     5
         Scroll            |       |       |       |     4 ||     4
   Stab: Sleeping          |    11 |     9 |     5 |       ||    25
         Paralysed         |       |       |     2 |       ||     2
         Distracted        |       |       |     1 |       ||     1
 Armour: Skin              |    10 |     3 |    13 |       ||    26
  Dodge: Dodged            |    73 |    75 |    96 |     7 ||   251
